 Dungeon Crawl Stone Soup version 0.30-b1-2-g02819fbbbe (webtiles) character file.

Game seed: 12264683868051625614

337 redmage the Digger (level 7, -5/48 (50) HPs)
             Began as a Meteoran Earth Elementalist on Aug 15, 2023.
             Was an Initiate of Cheibriados.
             Slain by Maggie
             ... wielding a +2 halberd of flaming
              (9 damage)
             ... on level 6 of the Dungeon.
             The game lasted 00:09:23 (755 turns).

redmage the Digger (Meteoran Earth Elementalist)     Turns: 755, Time: 00:09:24

HP:   -5/48 (50)    AC:  2    Str: 12    XL:     7   Next: 11%
MP:   6/15          EV: 12    Int: 19    God:    Cheibriados [......]
Gold: 138           SH:  0    Dex: 15    Spells: 10/16 levels left

rFire   . . .        k - +1 hand axe of Growth {freeze, rN+}
rCold   . . .        (no shield)
rNeg    + . .        a - +0 robe
rPois   .            (no helmet)
rElec   .            (no cloak)
rCorr   .            (no gloves)
SInv    .            (no boots)
Will    .....        (no amulet)
Stlth   +            (no ring)
HPRegen 0.28/turn    (no ring)
MPRegen 0.14/turn

%: no passive effects
@: glowing, lightly drained, very slow
A: sense surroundings 1, otherworldly, glowing, explore regen
a: Renounce Religion


You were on level 6 of the Dungeon.
You worshipped Cheibriados.
Cheibriados was noncommittal.
You visited 2 branches of the dungeon, and saw 7 of its levels.

You collected 138 gold pieces.

Inventory:

Hand Weapons
 k - the +1 hand axe of Growth (weapon) {freeze, rN+}
   (You found it on level 2 of the Dungeon)

   rN:        It protects you from negative energy.
Armour
 a - a +0 robe (worn)
Magical Staves
 n - a staff of death
Wands
 i - a wand of mindburst (4)
Scrolls
 d - a scroll of immolation
 e - a scroll of amnesia {unknown}
 j - a scroll of teleportation
Potions
 b - a potion of magic
 c - 2 potions of curing
 f - 2 potions of cancellation
 g - a potion of lignification
 h - a potion of degeneration {unknown}
 l - a potion of invisibility {unknown}


   Skills:
 - Level 2.6 Dodging
 - Level 1.6 Stealth
 + Level 5.1 Spellcasting
 * Level 3.8 Conjurations
 - Level 1.6 Transmutations
 + Level 5.6 Earth Magic


You had 10 spell levels left.
You knew the following spells:

 Your Spells              Type           Power      Damage    Failure   Level
a - Sandblast             Erth           52%        2d12      1%          1
b - Passwall              Tmut/Erth      15%        N/A       4%          2
c - Stone Arrow           Conj/Erth      44%        3d9       5%          3

Your spell library contained the following spells:

 Spells                   Type           Power      Damage    Failure   Level
 Petrify                  Tmut/Erth      18%        N/A       26%         4


Dungeon Overview and Level Annotations

Branches:
Dungeon (6/15) Zot: 4316   Temple (1/1) D:4 Zot: 882

Altars:
Cheibriados
Dithmenos
Elyvilon
Fedhas
Hepliaklqana
Kikubaaqudgha
Makhleb
Nemelex Xobeh
Okawaru
Qazlal
Trog
Vehumet
Wu Jian
Xom
Yredelemnul
Zin
The Shining One

Shops:
D:5 (   D:6 (([(

Annotations:
D:6 Maggie


Innate Abilities, Weirdness & Mutations

You passively map a small area around you.
You are easily found by Zot.
You glow in the dark.
You regain HP and MP as you explore.


Message History

There is a fountain of clear blue water here.
There is an entrance to Marilao's Weapon Emporium here.
Found a scroll of noise.
You see here a scroll of noise.
Maggie mumbles some strange words.
Maggie attempts to bespell you!
You are mesmerised by Maggie!
You cannot move away from Maggie!
Unknown command.
You cannot move away from Maggie!
You are no longer entranced.
Okay, then.
Okay, then.
Casting: Sandblast (safe; 1% risk of failure)
Confirm with . or Enter, or press ? or * to list all spells.
Aiming: Stone Arrow (dangerous; 5% risk of failure)
Press: ? - help, Shift-Dir - straight line, f - Maggie
Aim: Maggie, wielding a +2 halberd of flaming and wearing +0 steam dragon scales (71% to hit)
The stone arrow hits Maggie!
Maggie is moderately wounded.
Maggie says, "Have you seen any dragons?"
Casting: Stone Arrow (dangerous; 5% risk of failure)
Confirm with . or Enter, or press ? or * to list all spells.
Aiming: Stone Arrow (dangerous; 5% risk of failure)
Press: ? - help, Shift-Dir - straight line, f/p - Maggie
Aim: Maggie, wielding a +2 halberd of flaming and wearing +0 steam dragon scales (moderately wounded, 71% to hit)
The stone arrow misses Maggie.
Maggie hits you from afar with a +2 halberd of flaming!!
Maggie burns you!
Casting: Stone Arrow (dangerous; 5% risk of failure)
Confirm with . or Enter, or press ? or * to list all spells.
Aiming: Stone Arrow (dangerous; 5% risk of failure)
Press: ? - help, Shift-Dir - straight line, f/p - Maggie
Aim: Maggie, wielding a +2 halberd of flaming and wearing +0 steam dragon scales (moderately wounded, 71% to hit)
The stone arrow hits Maggie.
Maggie is moderately wounded.
Maggie hits you from afar with a +2 halberd of flaming!!
* * * LOW HITPOINT WARNING * * *
Maggie burns you!
You die...

..?.......#####. ,
*....>...<>...... ,
........^..#####
...........# *
..@....$...# * ,
......)....# ,
......@..(.# .
#######.##.# *# #@...###
# ###....## #######
###...####...<.#
##...##.......
#.#.#........ ########
#.#.#........
##......###.#..........
###.?###....#............
#...## ###..###.[........


You could see Maggie.

Vanquished Creatures
  4 wights (D:6)
  2 hounds
  A sleepcap (D:5)
  A white imp (D:6)
  A worm (D:4)
  A dart slug (D:2)
  2 orcs
  3 ball pythons
  A bat (D:3)
  3 endoplasms
  A giant cockroach (D:3)
  4 goblins
  2 hobgoblins
  A kobold (D:4)
  2 quokkas
  A frilled lizard (D:2)
  3 rats (D:2)
33 creatures vanquished.

Notes
Turn   | Place    | Note
-------+----------+-------------------------------------------
     0 | D:1      | redmage the Meteoran Earth Elementalist began the quest for
                  | the Orb.
     0 | D:1      | Reached XP level 1. HP: 14/14 MP: 5/5
    76 | D:2      | Reached XP level 2. HP: 20/20 MP: 2/6
   187 | D:1      | Learned a level 2 spell: Passwall
   240 | D:2      | Reached XP level 3. HP: 26/26 MP: 5/8
   244 | D:2      | Learned a level 3 spell: Stone Arrow
   248 | D:2      | Identified the +1 hand axe of Growth {freeze, rN+}
   452 | D:4      | Found a staircase to the Ecumenical Temple.
   462 | Temple   | Entered the Ecumenical Temple
   468 | Temple   | Became a worshipper of Cheibriados the Contemplative
   499 | D:5      | Entered Level 5 of the Dungeon
   506 | D:5      | Found Kiycolyff's Antique Weapon Emporium.
   521 | D:5      | Reached XP level 4. HP: 26/33 MP: 2/10
   540 | D:5      | Reached XP level 5. HP: 36/38 MP: 6/12
   597 | D:6      | Noticed Maggie
   617 | D:6      | Reached skill level 1 in Conjurations
   617 | D:6      | Reached skill level 5 in Earth Magic
   645 | D:6      | Reached XP level 6. HP: 44/45 MP: 8/13
   673 | D:6      | Reached skill level 5 in Spellcasting
   673 | D:6      | Reached XP level 7. HP: 10/48 MP: 0/15
   682 | D:6      | Found Jichury's Armour Emporium.
   683 | D:6      | Found Marilao's Weapon Emporium.
   686 | D:6      | Found Xouchul's Antique Weapon Emporium.
   689 | D:6      | Found Wufao's Weapon Emporium.
   755 | D:6      | Slain by Maggie

Illustrated notes

Levels and vault maps discovered:
D:1:      dreamdust_arrival_sigmund_warning, layout_basic,
          basic_ecumenical_altar, minmay_pentomino_o4
D:2:      wad_woods_tower, layout_basic, basic_altar
D:3:      layout_loops_ring, amcnicky_altar_gilded
D:4:      layout_basic, minmay_temple_entry_statues_pillars,
          minmay_misc_feat_pillars
D:5:      layout_gridville, serial_shops, shop, nicolae_square_shop, shop,
          dreamdust_princess_corridor
D:6:      layout_rooms, nicolae_ru_awakened_eye, mainiacjoe_overflow_alcove_1,
          biasface_ghost_orc_armoury, minmay_shop_grid_forest,
          chequers_mini_garden, hangedman_feature_mirror, uniq_maggie
Temple:   sentei_temple_godly_chess

Skill      XL: |  1  2  3  4  5  6 |
---------------+-------------------+-----
Spellcasting   | 3 4 5 |  5.1
Earth Magic    | 4 5 |  5.6
Conjurations   | 2 3 |  3.8
Dodging        | |  2.6
Stealth        | |  1.6
Transmutations | |  1.6

Action                     |  1- 3 |  4- 6 |  7- 9 || total
---------------------------+-------+-------+-------++-------
  Melee: Hand axe          |     2 |     3 |       ||     5
   Cast: Sandblast         |    49 |    15 |     2 ||    66
         Passwall          |     1 |       |       ||     1
         Stone Arrow       |       |     4 |     3 ||     7
    Use: Scroll            |     7 |       |       ||     7
 Armour: Robe              |     7 |     1 |       ||     8
  Dodge: Dodged            |    22 |     7 |       ||    29
